 Dungeon Crawl Stone Soup version 0.18.1-50-g88ac8fd (webtiles) character file.

318 Kwzr the Conjurer (level 6, -2/41 HPs)
             Began as a Mummy Conjurer on Oct 24, 2016.
             Was a Follower of Cheibriados.
             Killed from afar by an orc wizard (6 damage)
             ... with a magic dart
             ... on level 4 of the Dungeon.
             The game lasted 00:18:03 (3085 turns).

Kwzr the Conjurer (Mummy Conjurer)                  Turns: 3085, Time: 00:18:05

Health: -2/41      AC:  4    Str: 14    XL:     6   Next: 21%
Magic:  0/10       EV: 13    Int: 19    God:    Cheibriados [*.....]
Gold:   122        SH:  0    Dex: 16    Spells: 4 memorised, 1 level left

rFire  x . .     SeeInvis .     a - +0 falchion
rCold  + . .     Gourm    .     h - +0 robe
rNeg   + + +     Faith    .     (no shield)
rPois  ∞         Spirit   .     (no helmet)
rElec  .         Dismiss  .     (no cloak)
rCorr  .         Reflect  .     p - +0 pair of gloves
SustAt .         Harm     .     o - +0 pair of boots
MR     .....                    (no amulet)
Stlth  ++........               (no ring)
                                (no ring)

@: about to teleport, very slow, not resistant to hostile enchantments,
unstealthy
A: no food or potions, fire vulnerability, cold resistance 1, negative energy
resistance 3, torment resistance, unbreathing
a: Bend Time, Renounce Religion


You were on level 4 of the Dungeon.
You worshipped Cheibriados.
Cheibriados was aware of your devotion.
You were not hungry.

You visited 1 branch of the dungeon, and saw 4 of its levels.

You collected 122 gold pieces.

Inventory:

Hand Weapons
 a - a +0 falchion (weapon)
 b - a +0 hunting sling
 d - a +0 short sword
Missiles
 f - 2 tomahawks (quivered)
 k - 36 sling bullets
Armour
 c - a +0 pair of gloves
 h - a +0 robe (worn)
 o - a +0 pair of boots (worn)
 p - a +0 pair of gloves (worn)
Jewellery
 e - an uncursed amulet of guardian spirit
Wands
 n - a wand of polymorph (7/24)
Scrolls
 g - 3 scrolls of recharging {unknown}
 i - 2 scrolls of identify
 j - a scroll of amnesia {unknown}
 l - a scroll of fog {unknown}
Books
 m - a book of Conjurations

   Spells                             Type                      Level
   a - Magic Dart                     Conjuration                  1
   b - Searing Ray                    Conjuration                  2
   c - Dazzling Spray                 Conjuration/Hexes            3
   d - Fulminant Prism                Conjuration/Hexes            4
   e - Iskenderun's Mystic Blast      Conjuration                  4
   f - Iskenderun's Battlesphere      Conjuration/Charms           5


   Skills:
 + Level 2.8 Dodging
 + Level 2.1 Stealth
 + Level 3.3 Spellcasting
 * Level 5.0 Conjurations


You had one spell level left.
You knew the following spells:

 Your Spells              Type           Power        Failure   Level  Hunger
a - Magic Dart            Conj           ###.         1%          1    N/A
b - Searing Ray           Conj           ###...       3%          2    N/A
c - Dazzling Spray        Conj/Hex       ##....       17%         3    N/A
d - Iskenderun's Mystic   Conj           ###.....     21%         4    N/A

Dungeon Overview and Level Annotations

Branches:
Dungeon (4/15)
 Temple: D:4-7

Altars:
Cheibriados
Pakellas
Zin

Annotations:
D:3 Sigmund


Innate Abilities, Weirdness & Mutations

You do not eat or drink.
Your flesh is vulnerable to fire.
You are immune to poison.
Your flesh is cold resistant.
You are immune to negative energy.
You are immune to unholy pain and torment.
You can survive without breathing.


Message History

As you read the scroll of teleportation, it crumbles to dust.
You feel strangely unstable.
The orc wizard casts a spell.
The orc wizard blinks!
The orc hits you but does no damage.
A giant newt comes into view.
You hit the orc.
The orc is heavily wounded.
Casting: Magic Dart
Confirm with . or Enter, or press ? or * to list all spells.
Aiming: Magic Dart
Press: ? - help, Shift-Dir - straight line, f/p - orc wizard
Aim: an orc wizard, wielding a dagger and wearing a robe (lightly wounded, fast)
The magic dart hits the orc wizard.
The orc wizard is heavily wounded.
The orc wizard hits you with a dagger.
* * * LOW HITPOINT WARNING * * *
The orc completely misses you.
The orc wizard gestures at you while chanting.
The magic dart hits you!
You die...

#.#######.#.###.####
#.#.##......#.# #.##
#.#.##.###....#
#..### #.#.##.#
#....# ##.#..
#.#.##.# #....#
#....
#####......###....#
#..##
#...........#####.#
#..#. #.......###.#
#.# #..##
#.......#@#... #.#
#...#
#######.oo##### .#
#.... #......# #....
#.....l+ #....
#......# ####'
####+##. #. .# ## .#
# ## #


You could see an orc wizard, an orc and a giant newt.

Vanquished Creatures
  Blork the orc (D:4)
  A giant frog skeleton (D:4)
  2 orc priests (D:4)
  7 adders
  An ooze (D:2)
  3 worms
  A dart slug (D:2)
  4 giant geckos
  8 orcs
  11 bats
  3 giant cockroaches (D:2)
  7 goblins
  8 hobgoblins
  2 quokkas (D:2)
  6 ball pythons
  8 giant newts
  7 kobolds
  7 rats
87 creatures vanquished.

Notes
Turn   | Place    | Note
--------------------------------------------------------------
     0 | D:1      | Kwzr the Mummy Conjurer began the quest for the Orb.
     0 | D:1      | Reached XP level 1. HP: 13/13 MP: 3/3
   130 | D:1      | Reached XP level 2. HP: 19/19 MP: 1/5
   134 | D:1      | Learned a level 2 spell: Searing Ray
   737 | D:1      | Reached XP level 3. HP: 24/24 MP: 3/6
   996 | D:2      | Learned a level 3 spell: Dazzling Spray
  1038 | D:2      | Reached skill level 4 in Conjurations
  1406 | D:2      | Reached XP level 4. HP: 27/30 MP: 7/7
  1620 | D:2      | Found an oddly glowing altar of Pakellas.
  1897 | D:2      | Found a glowing silver altar of Zin.
  1897 | D:2      | Found a snail-covered altar of Cheibriados.
  2008 | D:2      | Became a worshipper of Cheibriados the Contemplative
  2396 | D:3      | Reached * piety under Cheibriados
  2403 | D:3      | Reached XP level 5. HP: 35/35 MP: 1/9
  2621 | D:3      | Noticed Sigmund
  2642 | D:4      | Noticed Blork the orc
  2648 | D:4      | Killed Blork the orc
  2868 | D:4      | Reached XP level 6. HP: 41/41 MP: 4/10
  2877 | D:4      | Learned a level 4 spell: Iskenderun's Mystic Blast
  3074 | D:4      | Reached skill level 5 in Conjurations
  3085 | D:4      | Killed from afar by an orc wizard

Skill      XL: |  1  2  3  4  5  6 |
---------------+-------------------+-----
Conjurations   | 4 5 |  5.0
Dodging        | 2 |  2.8
Stealth        | 2 |  2.1
Spellcasting   | 3 |  3.3

Action                   |  1- 3 |  4- 6 || total
-------------------------+-------+-------++-------
Melee: Unarmed           |     1 |       ||     1
       Short sword       |    38 |    29 ||    67
       Falchion          |       |    46 ||    46
 Fire: Hunting sling     |       |     1 ||     1
Throw: Tomahawk          |    16 |       ||    16
 Cast: Magic Dart        |    33 |    57 ||    90
       Searing Ray       |     7 |    14 ||    21
       Dazzling Spray    |       |     1 ||     1
  Use: Scroll            |     4 |     2 ||     6
 Stab: Sleeping          |     1 |       ||     1
Armor: Robe              |    23 |    22 ||    45
Dodge: Dodged            |    34 |    79 ||   113
